 Dungeon Crawl Stone Soup version 0.22.1-2-g9c5b331 (webtiles) character file.

44 lomky the Ruffian (level 3, 0/29 HPs)
             Began as a Draconian Transmuter on Nov 13, 2018.
             Slain by an adder (4 damage)
             ... on level 2 of the Dungeon.
             The game lasted 00:02:18 (877 turns).

lomky the Ruffian (Draconian Transmuter)             Turns: 877, Time: 00:02:18

Health: 0/29       AC:  2    Str: 12    XL:     3   Next: 41%
Magic:  6/6        EV: 12    Int: 14    God:
Gold:   60         SH:  0    Dex: 11    Spells: 2/6 levels left

rFire    + . .     SeeInvis .     - Unarmed
rCold    . . .     Gourm    .   (no shield)
rNeg     . . .     Faith    .   (armour unavailable)
rPois    .         Spirit   .   (helmet restricted)
rElec    .         Reflect  .   (no cloak)
rCorr    .         Harm     .   (no gloves)
MR       .....                  (boots currently unavailable)
Stlth    +.........             (no amulet)
HPRegen  0.09/turn              e - -3 ring of protection
MPRegen  0.10/turn              k - ring of protection from fire

@: lethally poisoned (0 -> -4), appendage (expiring)
A: unfitting armour, talons 3, cold-blooded, AC +5
a: End Transformation


You were on level 2 of the Dungeon.
You were not hungry.
You had grown temporary talons.
You visited 1 branch of the dungeon, and saw 2 of its levels.

You collected 60 gold pieces.

Inventory:

Hand Weapons
 d - a +0 hunting sling
Missiles
 a - 57 arrows
 b - 55 stones (quivered)
Jewellery
 e - a -3 ring of protection (left hand)
 k - a ring of protection from fire (right hand)
Potions
 g - a potion of curing
 h - a potion of agility {unknown}
 i - 2 potions of resistance {unknown}
 j - a potion of invisibility {unknown}
Comestibles
 c - 4 rations


   Skills:
 + Level 1.9 Fighting
 + Level 2.1 Dodging
 + Level 3.3 Unarmed Combat
 + Level 2.4 Spellcasting
 + Level 2.4 Transmutations


You had 2 spell levels left.
You knew the following spells:

 Your Spells              Type           Power        Failure   Level  Hunger
a - Beastly Appendage     Tmut           #.....       9%          1    #......
b - Spider Form           Tmut/Pois      #.........   38%         3    ###....

Your spell library contained the following spells:

 Spells                   Type           Power        Failure   Level  Hunger
 Sticks to Snakes         Tmut           #.......     13%         2    ###....
 Ice Form                 Ice/Tmut       #.......     80%         4    #####..
 Blade Hands              Tmut           #.........   93%         5    ######.


Dungeon Overview and Level Annotations

Branches:
Dungeon (2/15)

Altars:
Ashenzari
Elyvilon
Makhleb
Vehumet
Zin


Innate Abilities, Weirdness & Mutations

Your plain brown scales are hard. (AC +5)
You cannot fit into any form of body armour.
You are cold-blooded and may be slowed by cold attacks.
You have claws for feet.


Message History

The adder is heavily wounded.
You feel sick. The adder bites you.
* * * LOW HITPOINT WARNING * * *
You closely miss the adder. Your kick misses the adder.
The adder is heavily wounded.
* * * LOW HITPOINT WARNING * * *
You feel sick. The adder bites you.
* * * LOW HITPOINT WARNING * * *
It was a potion of curing.
You feel better. The adder bites you.
* * * LOW HITPOINT WARNING * * *
The adder bites you.
* * * LOW HITPOINT WARNING * * *
You are lethally poisoned!
The adder poisons you!
You hit the adder. Your kick misses the adder.
Your tail-slap misses the adder.
The adder is almost dead.
Your transformation is almost over.
* * * LOW HITPOINT WARNING * * *
You feel sick. The adder bites you.
You die...

#... ##.. #...
###. #. #.
###############
#.
#..).)........#
#.
#@S...........#
#.
#..............$#
#.
#.####.##########
#. #. ....# #. .
#...%.. ## #.
#....### # #....#


You could see an adder.

Vanquished Creatures
  A dart slug (D:1)
  5 bats
  2 giant cockroaches (D:1)
  10 goblins
  3 hobgoblins (D:1)
  4 jackals (D:1)
  3 frilled lizards
  6 kobolds
  5 rats
39 creatures vanquished.

Notes
Turn   | Place    | Note
-------+----------+-------------------------------------------
     0 | D:1      | lomky the Draconian Transmuter began the quest for the Orb.
     0 | D:1      | Reached XP level 1. HP: 16/16 MP: 3/3
   112 | D:1      | Reached XP level 2. HP: 22/23 MP: 3/5
   382 | D:1      | Reached XP level 3. HP: 26/29 MP: 6/6
   393 | D:1      | Learned a level 3 spell: Spider Form
   726 | D:2      | Found a white marble altar of Elyvilon.
   733 | D:2      | Found a glowing silver altar of Zin.
   737 | D:2      | Found a shattered altar of Ashenzari.
   737 | D:2      | Found a radiant altar of Vehumet.
   739 | D:2      | Found a burning altar of Makhleb.
   877 | D:2      | Slain by an adder

Skill      XL: |  1  2 |
---------------+-------+-----
Dodging        | 2 |  2.1
Fighting       | |  1.9
Unarmed Combat | |  3.3
Spellcasting   | |  2.4
Transmutations | |  2.4

Action                   || total
-------------------------++-------
Melee: Unarmed           ||    94
       Kick              ||     8
       Tailslap          ||     7
       Headbutt          ||     8
 Cast: Beastly Appendage ||    17
  Use: Scroll            ||     3
       Potion            ||     1
Armor: Skin              ||    18
Dodge: Dodged            ||    59
